 Dungeon Crawl Stone Soup version 0.28.0-43-g3370ac3207 (webtiles) character file.

Game seed: 4283558845500112090

1733 Peloso the Carver (level 8, -3/70 HPs)
             Began as a Minotaur Fighter on Mar 18, 2022.
             Slain by a yak (13 damage)
             ... on level 6 of the Dungeon.
             The game lasted 00:09:30 (5581 turns).

Peloso the Carver (Minotaur Fighter)                Turns: 5581, Time: 00:09:30

Health: -3/70      AC: 13    Str: 22    XL:     8   Next: 76%
Magic:  7/7        EV:  8    Int:  5    God:
Gold:   305        SH:  5    Dex: 11    Spells: 7/7 levels left

rFire   . . .      SeeInvis .   a - +0 long sword
rCold   . . .      Faith    .   c - +0 buckler
rNeg    . . .      Spirit   .   j - +0 chain mail
rPois   .          Reflect  .   (helmet restricted)
rElec   .          Harm     .   l - +0 cloak
rCorr   .          Rampage  .   f - +0 pair of gloves
Will    .....                   (no boots)
Stlth   ..........              (no amulet)
HPRegen 0.21/turn               (no ring)
MPRegen 0.10/turn               (no ring)

@: no status effects
A: horns 2, retaliatory headbutt
a: no special abilities


You were on level 6 of the Dungeon.
You visited 2 branches of the dungeon, and saw 7 of its levels.

You collected 305 gold pieces.

Inventory:

Hand Weapons
 a - a +0 long sword (weapon)
Missiles
 d - 2 throwing nets (quivered)
Armour
 b - a +0 scale mail
 c - a +0 buckler (worn)
 f - a +0 pair of gloves (worn)
 j - a +0 chain mail (worn)
 l - a +0 cloak (worn)
Jewellery
 r - a +6 ring of dexterity
Scrolls
 e - 3 scrolls of brand weapon
 g - a scroll of enchant armour {unknown}
 h - a scroll of enchant weapon {unknown}
 n - a scroll of acquirement {unknown}
 o - a scroll of summoning {unknown}
 p - 2 scrolls of teleportation {unknown}
Potions
 i - a potion of berserk rage
 k - 3 potions of mutation
 m - a potion of resistance {unknown}
 q - a potion of ambrosia {unknown}
 s - 2 potions of flight {unknown}
 t - 2 potions of curing {unknown}
 u - a potion of attraction {unknown}


   Skills:
 + Level 6.2 Fighting
 + Level 9.0 Long Blades
 + Level 7.9 Armour
 + Level 1.8 Dodging
 + Level 0.5 Stealth
 + Level 6.1 Shields


You had 7 spell levels left.
You didn't know any spells.
Your spell library contained the following spells:

 Spells                   Type           Power      Damage    Failure   Level
 Sandblast                Erth           0%         2d4       99%         1
 Passwall                 Tmut/Erth      0%         N/A       100%        2
 Stone Arrow              Conj/Erth      0%         3d7       100%        3


Dungeon Overview and Level Annotations

Branches:
Dungeon (6/15)             Temple (1/1) D:5

Altars:
Ashenzari
Elyvilon
Fedhas
Hepliaklqana
Kikubaaqudgha
Nemelex Xobeh
Qazlal
Ru
Sif Muna
Uskayaw
Vehumet
Wu Jian
Yredelemnul
The Shining One


Innate Abilities, Weirdness & Mutations

You have a pair of horns on your head.
You reflexively headbutt those who attack you in melee.


Message History

You hit the yak.
The yak is almost dead.
The yak gores you.
You hit the yak but do no damage. You headbutt the yak.
You kill the yak!
Your Fighting skill increases to level 6!
Your Shields skill increases to level 6!
You barely miss the yak. The yak closely misses you.
You hit the yak but do no damage. You headbutt the yak!
The yak is moderately wounded.
The yak barely misses you.
You slash the yak! Your headbutt misses the yak.
The yak is heavily wounded.
The yak gores you!
You hit the yak. You headbutt the yak!
The yak is almost dead.
The yak completely misses you.
You slash the yak!
You kill the yak!
Your Long Blades skill increases to level 9!
You hit the yak. You headbutt the yak, but do no damage.
The yak is lightly wounded.
You block the yak's attack.
You hit the yak but do no damage. You headbutt the yak.
The yak is lightly wounded.
The yak gores you.
You barely miss the yak. You headbutt the yak!
The yak is heavily wounded.
The yak gores you!
* * * LOW HITPOINT WARNING * * *
You hit the yak.
The yak is heavily wounded.
The yak gores you.
* * * LOW HITPOINT WARNING * * *
You slash the yak!
The yak is almost dead.
The yak gores you.
* * * LOW HITPOINT WARNING * * *
The yak gores you!
You die...

# .##.######
YY.......##############
#......<.....Y@.....+
######..#############
+..............
#######.#####.#
#######..# #........#
#####
#........####+#.....#
#........#..........#
#...................#


You could see a yak.

Vanquished Creatures
  4 yaks (D:6)
  A black bear (D:4)
  An ice beast (D:5)
  2 ogres (D:4)
  A phantom (D:4)
  5 scorpions
  A howler monkey (D:4)
  A hound (D:6)
  A jelly (D:5)
  A centaur skeleton (D:4)
  Jessica (D:3)
  A scorpion zombie (D:5)
  An orc wizard (D:3)
  A howler monkey skeleton (D:4)
  3 gnolls (D:4)
  9 adders
  2 adder skeletons (D:4)
  2 worms
  3 dart slugs
  8 orcs
  5 ball pythons
  10 endoplasms
  9 giant cockroaches
  3 goblins
  9 hobgoblins
  5 kobolds
  4 quokkas
  7 bats
  A frilled lizard (D:3)
  9 rats
111 creatures vanquished.

Vanquished Creatures (others)
  2 plants (D:3)
2 creatures vanquished.

Grand Total: 113 creatures vanquished

Notes
Turn   | Place    | Note
-------+----------+-------------------------------------------
     0 | D:1      | Peloso the Minotaur Fighter began the quest for the Orb.
     0 | D:1      | Reached XP level 1. HP: 19/19 MP: 0/0
   142 | D:1      | Reached XP level 2. HP: 26/27 MP: 1/1
   627 | D:1      | Reached XP level 3. HP: 27/33 MP: 2/2
   854 | D:2      | Reached skill level 3 in Long Blades
  1684 | D:3      | Reached XP level 4. HP: 40/40 MP: 3/3
  2039 | D:3      | Reached skill level 4 in Long Blades
  2157 | D:3      | Noticed Jessica
  2176 | D:3      | Killed Jessica
  2177 | D:3      | Reached XP level 5. HP: 39/47 MP: 4/4
  2528 | D:3      | Found a faded altar of an unknown god.
  2700 | D:4      | Noticed an ogre
  2700 | D:4      | Noticed a black bear
  2709 | D:4      | Killed an ogre
  2710 | D:4      | Reached skill level 5 in Long Blades
  2710 | D:4      | Reached skill level 5 in Armour
  2713 | D:4      | Killed a black bear
  2714 | D:4      | Reached skill level 1 in Dodging
  2714 | D:4      | Reached XP level 6. HP: 23/53 MP: 5/5
  3067 | D:4      | Reached skill level 6 in Long Blades
  3067 | D:4      | Reached XP level 7. HP: 51/60 MP: 6/6
  3134 | D:4      | Reached skill level 5 in Shields
  3365 | D:4      | Reached skill level 5 in Fighting
  3781 | D:5      | Entered Level 5 of the Dungeon
  4320 | D:5      | Reached skill level 7 in Long Blades
  4539 | D:5      | Found a staircase to the Ecumenical Temple.
  4555 | Temple   | Entered the Ecumenical Temple
  5115 | D:5      | Reached XP level 8. HP: 55/69 MP: 7/7
  5558 | D:6      | Reached skill level 8 in Long Blades
  5577 | D:6      | Reached skill level 9 in Long Blades
  5581 | D:6      | Slain by a yak

Illustrated notes

Levels and vault maps discovered:
D:1:      matt_arrival_diagonals, layout_basic
D:2:      kennysheep_big_flooded_room, layout_basic, kennysheep_big_empty_room
D:3:      layout_basic, shapermc_ecumenical_altar_hornbeckon, uniq_jessica
D:4:      layout_cave_pods
D:5:      layout_basic, minmay_temple_entry_mist, dk_noncrumbling_4,
          amcnicky_mini_pool_medium
D:6:      layout_basic, minmay_mini_ossuary
Temple:   dpeg_chambers_temple

Skill      XL: |  1  2  3  4  5  6  7  8 |
---------------+-------------------------+-----
Shields        | 4 5 6 |  6.1
Armour         | 4 5 6 7 |  7.9
Long Blades    | 3 4 5 6 7 9 |  9.0
Fighting       | 4 5 6 |  6.2
Dodging        | 1 |  1.8
Stealth        | |  0.5

Action                   |  1- 3 |  4- 6 |  7- 9 || total
-------------------------+-------+-------+-------++-------
Melee: Long sword        |    80 |   100 |   145 ||   325
       Headbutt          |    15 |    14 |    36 ||    65
  Use: Potion            |       |     1 |       ||     1
       Scroll            |       |       |     3 ||     3
Armor: Scale mail        |    35 |     9 |       ||    44
       Chain mail        |       |    47 |    52 ||    99
Dodge: Dodged            |    43 |    20 |    45 ||   108
Block: Buckler           |    21 |    20 |    25 ||    66
